TOP OF THE 1ST |
Mexico City Cerveceros batting - Pitching for Albuquerque Isotopes : RHP Bobby Flynn
|
Pitching: RHP Bobby Flynn
|
|
Batting: LHB Sammy Marshall
|
0-0: Foul Ball, location: 2F 0-1: Ball 1-1: Fly out, F1 (Line Drive, 13S)
|
Batting: RHB Orlando González
|
0-0: Foul Ball, location: 2F 0-1: Ball 1-1: Ball 2-1: Ball 3-1: Base on Balls
|
Batting: LHB Chad Weaver
|
0-0: Ball 1-0: Ball 2-0: Called Strike 2-1: Foul Ball, location: 2F 2-2: Hit by Pitch Orlando González to second
|
Batting: RHB Dave Morgan
|
0-0: Called Strike 0-1: Ball 1-1: Swinging Strike 1-2: Ball 2-2: Strikes out looking
|
Batting: LHB Francisco Franco
|
0-0: Called Strike 0-1: Fielders Choice at 2nd, 6-4 (Groundball, 6)
|
Top of the 1st over - 0 run(s), 0 hit(s), 0 error(s), 1 left on base; Mexico City 0 - Albuquerque 0 |
BOTTOM OF THE 1ST |
Albuquerque Isotopes batting - Pitching for Mexico City Cerveceros : RHP Thomas Hughes
|
Pitching: RHP Thomas Hughes
|
|
Batting: LHB A.J. Major
|
0-0: Foul Ball, location: 2F 0-1: Fly out, F8 (Flyball, 8RD)
|
Batting: SHB Lee Townsend
|
0-0: Called Strike 0-1: Ball 1-1: Foul Ball, location: 2F 1-2: Foul Ball, location: 2F 1-2: Ball 2-2: Ball 3-2: Base on Balls
|
Batting: RHB Edward Young
|
0-0: Called Strike 0-1: Foul Ball, location: 2F 0-2: Foul Ball, location: 2F 0-2: Ball 1-2: Strikes out swinging
|
Batting: LHB Juan Carlos Sánchez
|
0-0: Fielders Choice at 2nd, U6 (Groundball, 6M)
|
Bottom of the 1st over - 0 run(s), 0 hit(s), 0 error(s), 1 left on base; Mexico City 0 - Albuquerque 0 |
TOP OF THE 2ND |
Mexico City Cerveceros batting - Pitching for Albuquerque Isotopes : RHP Bobby Flynn
|
Batting: RHB Lorenzo Ayala
|
0-0: Called Strike 0-1: SINGLE (Line Drive, 6MD)
|
Batting: RHB John Anderson
|
0-0: Called Strike 0-1: Ground out 4-3 (Groundball, 4M) Lorenzo Ayala to second
|
Batting: RHB Naomi Kitamura
|
0-0: Ball 1-0: Called Strike 1-1: Called Strike 1-2: Ball 2-2: Foul Ball, location: 2F 2-2: Ball 3-2: Base on Balls
|
Batting: RHB Ernesto Jiménez
|
0-0: Called Strike Lorenzo Ayala is caught stealing 3rd base Naomi Kitamura to second 0-1: Ball 1-1: Called Strike 1-2: SINGLE (Line Drive, 6D) Naomi Kitamura to third
|
Batting: LHB Sammy Marshall
|
0-0: Called Strike 0-1: SINGLE (Groundball, 13) (infield hit) Naomi Kitamura scores Ernesto Jiménez to second
|
Batting: RHB Orlando González
|
0-0: Ball 1-0: Called Strike 1-1: Ball 2-1: Swinging Strike 2-2: Strikes out swinging
|
Top of the 2nd over - 1 run(s), 3 hit(s), 0 error(s), 2 left on base; Mexico City 1 - Albuquerque 0 |
BOTTOM OF THE 2ND |
Albuquerque Isotopes batting - Pitching for Mexico City Cerveceros : RHP Thomas Hughes
|
Batting: LHB Mark Vestal
|
0-0: Called Strike 0-1: Ball 1-1: Ball 2-1: Foul Ball, location: 2F 2-2: Strikes out swinging
|
Batting: RHB Cristián Herrera
|
0-0: Ball 1-0: Foul Ball, location: 2F 1-1: Foul Ball, location: 2F 1-2: Foul Ball, location: 2F 1-2: Strikes out looking
|
Batting: LHB Domingo Cardona
|
0-0: Foul Ball, location: 2F 0-1: Swinging Strike 0-2: Foul Ball, location: 2F 0-2: Ball 1-2: Foul Ball, location: 2F 1-2: Ball 2-2: Fly out, F4 (Popup, 3F)
|
Bottom of the 2nd over - 0 run(s), 0 hit(s), 0 error(s), 0 left on base; Mexico City 1 - Albuquerque 0 |
TOP OF THE 3RD |
Mexico City Cerveceros batting - Pitching for Albuquerque Isotopes : RHP Bobby Flynn
|
Batting: LHB Chad Weaver
|
0-0: Ball 1-0: Ball 2-0: Ball 3-0: Base on Balls
|
Batting: RHB Dave Morgan
|
0-0: Ball 1-0: Called Strike 1-1: Swinging Strike 1-2: Strikes out swinging
|
Batting: LHB Francisco Franco
|
0-0: Called Strike 0-1: Fly out, F9 (Flyball, 9D)
|
Batting: RHB Lorenzo Ayala
|
0-0: Ball 1-0: Foul Ball, location: 2F 1-1: Ball 2-1: Foul Ball, location: 2F 2-2: Strikes out swinging
|
Top of the 3rd over - 0 run(s), 0 hit(s), 0 error(s), 1 left on base; Mexico City 1 - Albuquerque 0 |
BOTTOM OF THE 3RD |
Albuquerque Isotopes batting - Pitching for Mexico City Cerveceros : RHP Thomas Hughes
|
Batting: SHB Tony McLaughlin
|
0-0: Fly out, F6 (Popup, 5D)
|
Batting: RHB Juan Barrera
|
0-0: Ball 1-0: Called Strike 1-1: Ball 2-1: SINGLE (Groundball, 56D)
|
Batting: LHB A.J. Major
|
0-0: Fly out, F7 (Popup, 7LS)
|
Batting: SHB Lee Townsend
|
0-0: Ground out 3-1 (Groundball, 34S)
|
Bottom of the 3rd over - 0 run(s), 1 hit(s), 0 error(s), 1 left on base; Mexico City 1 - Albuquerque 0 |
TOP OF THE 4TH |
Mexico City Cerveceros batting - Pitching for Albuquerque Isotopes : RHP Bobby Flynn
|
Batting: RHB John Anderson
|
0-0: Ground out 5-3 (Groundball, 56S)
|
Batting: RHB Naomi Kitamura
|
0-0: Ball 1-0: Ground out 6-3 (Groundball, 6)
|
Batting: RHB Ernesto Jiménez
|
0-0: Called Strike 0-1: Ball 1-1: Swinging Strike 1-2: Strikes out looking
|
Top of the 4th over - 0 run(s), 0 hit(s), 0 error(s), 0 left on base; Mexico City 1 - Albuquerque 0 |
BOTTOM OF THE 4TH |
Albuquerque Isotopes batting - Pitching for Mexico City Cerveceros : RHP Thomas Hughes
|
Batting: RHB Edward Young
|
0-0: Ball 1-0: Called Strike 1-1: Foul Ball, location: 2F 1-2: Strikes out swinging
|
Batting: LHB Juan Carlos Sánchez
|
0-0: Ball 1-0: Ball 2-0: Called Strike 2-1: Ball 3-1: Called Strike 3-2: Fly out, F7 (Popup, 7S)
|
Batting: LHB Mark Vestal
|
0-0: Ball 1-0: Called Strike 1-1: Ball 2-1: Ground out 4-3 (Groundball, 4M)
|
Bottom of the 4th over - 0 run(s), 0 hit(s), 0 error(s), 0 left on base; Mexico City 1 - Albuquerque 0 |
TOP OF THE 5TH |
Mexico City Cerveceros batting - Pitching for Albuquerque Isotopes : RHP Bobby Flynn
|
Batting: LHB Sammy Marshall
|
0-0: Ball 1-0: Ball 2-0: SINGLE (Groundball, 56D)
|
Batting: RHB Orlando González
|
0-0: Called Strike 0-1: Ball 1-1: Ball 2-1: Swinging Strike 2-2: Foul Ball, location: 2F 2-2: Foul Ball, location: 2F 2-2: Ball 3-2: Foul Ball, location: 2F 3-2: Fly out, F8 (Flyball, 8RS)
|
Batting: LHB Chad Weaver
|
0-0: Called Strike 0-1: Ball 1-1: Foul Ball, location: 2F 1-2: Fly out, F7 (Flyball, 7LM)
|
Batting: RHB Dave Morgan
|
0-0: Ball Sammy Marshall is caught stealing 2nd base
|
Top of the 5th over - 0 run(s), 1 hit(s), 0 error(s), 0 left on base; Mexico City 1 - Albuquerque 0 |
BOTTOM OF THE 5TH |
Albuquerque Isotopes batting - Pitching for Mexico City Cerveceros : RHP Thomas Hughes
|
Batting: RHB Cristián Herrera
|
0-0: Fly out, F7 (Flyball, 7D)
|
Batting: LHB Domingo Cardona
|
0-0: Foul Ball, location: 2F 0-1: Ball 1-1: Ground out U3 (Groundball, 3)
|
Batting: SHB Tony McLaughlin
|
0-0: Ball 1-0: Ball 2-0: Foul Ball, location: 2F 2-1: Foul Ball, location: 2F 2-2: Ball 3-2: Base on Balls
|
Batting: RHB Juan Barrera
|
0-0: Fly out, F3 (Popup, 3L)
|
Bottom of the 5th over - 0 run(s), 0 hit(s), 0 error(s), 1 left on base; Mexico City 1 - Albuquerque 0 |
TOP OF THE 6TH |
Mexico City Cerveceros batting - Pitching for Albuquerque Isotopes : RHP Bobby Flynn
|
Batting: RHB Dave Morgan
|
0-0: Ball 1-0: Foul Ball, location: 2F 1-1: Foul Ball, location: 2F 1-2: Foul Ball, location: 2F 1-2: Strikes out swinging
|
Batting: LHB Francisco Franco
|
0-0: Fly out, F9 (Flyball, 89D)
|
Batting: RHB Lorenzo Ayala
|
0-0: Called Strike 0-1: Ball 1-1: Fly out, F8 (Flyball, 8LS)
|
Top of the 6th over - 0 run(s), 0 hit(s), 0 error(s), 0 left on base; Mexico City 1 - Albuquerque 0 |
BOTTOM OF THE 6TH |
Albuquerque Isotopes batting - Pitching for Mexico City Cerveceros : RHP Thomas Hughes
|
Batting: LHB A.J. Major
|
0-0: Ball 1-0: Foul Ball, location: 2F 1-1: SINGLE (Groundball, 6MD)
|
Batting: SHB Lee Townsend
|
0-0: Called Strike A.J. Major steals 2nd base 0-1: Swinging Strike 0-2: Ball 1-2: Foul Ball, location: 2F 1-2: Ball 2-2: Ball Wild Pitch! A.J. Major to third 3-2: Base on Balls
|
Batting: RHB Edward Young
|
0-0: Swinging Strike 0-1: Swinging Strike 0-2: Ball 1-2: Foul Ball, location: 2F 1-2: Ball 2-2: Ball 3-2: Foul Ball, location: 2F 3-2: Base on Balls Lee Townsend to second
|
Batting: LHB Juan Carlos Sánchez
|
0-0: Grounds into fielders choice 4-2 (Groundball, 4) Lee Townsend to third Edward Young to second
|
Batting: LHB Mark Vestal
|
0-0: Ground out 4-3 (Groundball, 4M) Lee Townsend scores Edward Young to third Juan Carlos Sánchez to second
|
Batting: RHB Cristián Herrera
|
0-0: Called Strike 0-1: Called Strike 0-2: Ball 1-2: Ball 2-2: Strikes out swinging
|
Bottom of the 6th over - 1 run(s), 1 hit(s), 0 error(s), 2 left on base; Mexico City 1 - Albuquerque 1 |
TOP OF THE 7TH |
Mexico City Cerveceros batting - Pitching for Albuquerque Isotopes : RHP Bobby Flynn
|
Pitching: LHP Cris Quezada
|
|
Batting: RHB John Anderson
|
0-0: Ball 1-0: Swinging Strike 1-1: Ball 2-1: Foul Ball, location: 2F 2-2: Foul Ball, location: 2F 2-2: Ball 3-2: Fly out, F8 (Flyball, 8RD)
|
Pinch Hitting: RHB Iván Gonzáles
|
0-0: Called Strike 0-1: Ball 1-1: Ball 2-1: Called Strike 2-2: Ball 3-2: Base on Balls
|
Batting: RHB Ernesto Jiménez
|
0-0: Ball 1-0: Ball 2-0: Ball 3-0: Base on Balls Iván Gonzáles to second
|
Pinch Hitting: RHB Pablo Trujillo
|
0-0: Ball 1-0: Ball 2-0: SINGLE (Groundball, 25) (infield hit) Iván Gonzáles to third Ernesto Jiménez to second
|
Pinch Hitting: RHB Robinson Pacheco
|
0-0: Ball 1-0: Foul Ball, location: 2F 1-1: Called Strike 1-2: Foul Ball, location: 2F 1-2: Foul Ball, location: 2F 1-2: Fly out, F7 (Line Drive, 7D) Runner from 3rd tags up, SCORES, no throw
|
Pinch Hitting: RHB Carl Martin
|
0-0: Foul Ball, location: 2F 0-1: Foul Ball, location: 2F 0-2: Foul Ball, location: 2F 0-2: SINGLE (Groundball, 34D) (infield hit) Ernesto Jiménez to third Pablo Trujillo to second
|
Batting: RHB Dave Morgan
|
0-0: SINGLE (Line Drive, 5L) Ernesto Jiménez scores Pablo Trujillo to third Carl Martin to second Runner from 3rd tries for Home, SAFE, no throw or cutoff
|
Pitching: RHP Jay Lloyd
|
|
Batting: LHB Francisco Franco
|
0-0: Swinging Strike 0-1: Foul Ball, location: 2F 0-2: Foul Ball, location: 2F 0-2: Foul Ball, location: 2F 0-2: Ball 1-2: Fly out, F9 (Flyball, 9D)
|
Top of the 7th over - 3 run(s), 3 hit(s), 0 error(s), 2 left on base; Mexico City 4 - Albuquerque 1 |
BOTTOM OF THE 7TH |
Albuquerque Isotopes batting - Pitching for Mexico City Cerveceros : RHP Thomas Hughes
|
Now at 3B: Iván Gonzáles
|
|
Now at SS: Robinson Pacheco
|
|
Now in LF: Pablo Trujillo
|
|
Now in CF: Júlio Cedeño
|
|
Batting: LHB Domingo Cardona
|
0-0: Ball 1-0: Ball 2-0: Called Strike 2-1: Ball 3-1: Base on Balls
|
Batting: SHB Tony McLaughlin
|
0-0: Called Strike 0-1: Ball 1-1: Ball 2-1: DOUBLE (Flyball, 78D) Domingo Cardona to third
|
Pitching: RHP David Escobido
|
|
Batting: RHB Juan Barrera
|
0-0: Called Strike 0-1: Ball 1-1: Ball 2-1: Foul Ball, location: 2F 2-2: Strikes out looking
|
Batting: LHB A.J. Major
|
0-0: Ball 1-0: Fly out, F7 (Line Drive, 7M) Runner from 3rd tags up, SCORES, throw made
|
Batting: SHB Lee Townsend
|
0-0: Called Strike 0-1: Called Strike 0-2: Ball 1-2: Ball 2-2: Ball 3-2: Base on Balls
|
Batting: RHB Edward Young
|
0-0: Called Strike 0-1: Ball 1-1: Foul Ball, location: 2F 1-2: SINGLE (Groundball, 6MD) Tony McLaughlin to third Lee Townsend to second Runner from 3rd tries for Home, SAFE, no throw or cutoff
|
Batting: LHB Juan Carlos Sánchez
|
0-0: Swinging Strike 0-1: Called Strike 0-2: Ball 1-2: Strikes out looking
|
Bottom of the 7th over - 2 run(s), 2 hit(s), 0 error(s), 2 left on base; Mexico City 4 - Albuquerque 3 |
TOP OF THE 8TH |
Mexico City Cerveceros batting - Pitching for Albuquerque Isotopes : RHP Jay Lloyd
|
Batting: RHB Lorenzo Ayala
|
0-0: Ball 1-0: Foul Ball, location: 2F 1-1: Ball 2-1: Foul Ball, location: 2F 2-2: Foul Ball, location: 2F 2-2: Ball 3-2: Ground out 5-3 (Groundball, 5L)
|
Batting: RHB John Anderson
|
0-0: SINGLE (Line Drive, 9S)
|
Batting: RHB Iván Gonzáles
|
0-0: Ball 1-0: Ground out 4-3 (Groundball, 4M) John Anderson to second
|
Batting: RHB Ernesto Jiménez
|
0-0: Reached on error, E6 (Groundball, 6) John Anderson to third
|
Pinch Hitting: LHB Kevin Beasley
|
0-0: Called Strike 0-1: Ball 1-1: Ground out 2-3 (Groundball, 2L)
|
Top of the 8th over - 0 run(s), 1 hit(s), 1 error(s), 2 left on base; Mexico City 4 - Albuquerque 3 |
BOTTOM OF THE 8TH |
Albuquerque Isotopes batting - Pitching for Mexico City Cerveceros : RHP David Escobido
|
Pitching: RHP Troy Hawkins
|
|
Now in LF: Kevin Beasley
|
|
Batting: LHB Mark Vestal
|
0-0: Called Strike 0-1: Ball 1-1: Called Strike 1-2: SINGLE (Line Drive, 34)
|
Batting: RHB Cristián Herrera
|
0-0: Ball 1-0: Bunted foul 1-1: Ball 2-1: Ball 3-1: Bunted foul 3-2: Foul Ball, location: 2F 3-2: Fly out, F9 (Line Drive, 9M)
|
Batting: LHB Domingo Cardona
|
0-0: Ball 1-0: Called Strike 1-1: Ball 2-1: Called Strike 2-2: SINGLE (Groundball, 34) Mark Vestal to second Runner from 2nd tries for 3rd, SAFE, throw made to third
|
Batting: SHB Tony McLaughlin
|
0-0: Ball 1-0: Foul Ball, location: 2F 1-1: Ground out 4-3 (Groundball, 4M) Mark Vestal scores Domingo Cardona to second
|
Batting: RHB Juan Barrera
|
0-0: Ball 1-0: Called Strike 1-1: Foul Ball, location: 2F 1-2: Foul Ball, location: 2F 1-2: Fly out, F8 (Flyball, 8RS)
|
Bottom of the 8th over - 1 run(s), 2 hit(s), 0 error(s), 1 left on base; Mexico City 4 - Albuquerque 4 |
TOP OF THE 9TH |
Mexico City Cerveceros batting - Pitching for Albuquerque Isotopes : RHP Jay Lloyd
|
Pitching: RHP Clint Tancock
|
|
Batting: RHB Robinson Pacheco
|
0-0: Ball 1-0: Ball 2-0: Ball 3-0: Called Strike 3-1: Foul Ball, location: 2F 3-2: Strikes out swinging
|
Batting: LHB Júlio Cedeño
|
0-0: Ball 1-0: Ball 2-0: Foul Ball, location: 2F 2-1: Ground out 6-3 (Groundball, 6)
|
Batting: RHB Dave Morgan
|
0-0: Called Strike 0-1: Ball 1-1: Ground out 6-3 (Groundball, 56)
|
Top of the 9th over - 0 run(s), 0 hit(s), 0 error(s), 0 left on base; Mexico City 4 - Albuquerque 4 |
BOTTOM OF THE 9TH |
Albuquerque Isotopes batting - Pitching for Mexico City Cerveceros : RHP Troy Hawkins
|
Pitching: RHP Bill Bygrove
|
|
Batting: LHB A.J. Major
|
0-0: Ball 1-0: Hit by Pitch
|
Batting: SHB Lee Townsend
|
0-0: Sac Bunt - play at first, batter OUT! 1-3 A.J. Major to second
|
Batting: RHB Edward Young
|
0-0: Ground out 6-3 (Groundball, 6) A.J. Major to third
|
Batting: LHB Juan Carlos Sánchez
|
0-0: Called Strike 0-1: Ground out U3 (Groundball, 3L)
|
Bottom of the 9th over - 0 run(s), 0 hit(s), 0 error(s), 1 left on base; Mexico City 4 - Albuquerque 4 |
TOP OF THE 10TH |
Mexico City Cerveceros batting - Pitching for Albuquerque Isotopes : RHP Clint Tancock
|
Batting: LHB Francisco Franco
|
0-0: Ball 1-0: Ball 2-0: Swinging Strike 2-1: Ground out 3-1 (Groundball, 3L)
|
Batting: RHB Lorenzo Ayala
|
0-0: Ball 1-0: Swinging Strike 1-1: Ground out 2-3 (Groundball, 2R)
|
Batting: RHB John Anderson
|
0-0: Called Strike 0-1: Swinging Strike 0-2: Ball 1-2: Ball 2-2: Ball 3-2: SINGLE (Line Drive, 8RM)
|
Pinch Runner at 1st Henning Huisman:
|
|
Batting: RHB Iván Gonzáles
|
0-0: Ball 1-0: Foul Ball, location: 2F 1-1: Ball 2-1: Called Strike 2-2: Ball 3-2: SINGLE (Groundball, 6M) Henning Huisman to second Henning Huisman to third
|
Batting: RHB Ernesto Jiménez
|
0-0: Foul Ball, location: 2F 0-1: Called Strike 0-2: Strikes out swinging
|
Top of the 10th over - 0 run(s), 2 hit(s), 0 error(s), 2 left on base; Mexico City 4 - Albuquerque 4 |
BOTTOM OF THE 10TH |
Albuquerque Isotopes batting - Pitching for Mexico City Cerveceros : RHP Bill Bygrove
|
Now at C: Robert Johnson
|
|
Batting: LHB Mark Vestal
|
0-0: Swinging Strike 0-1: Foul Ball, location: 2F 0-2: Ground out 5-3 (Groundball, 56)
|
Pinch Hitting: LHB Fernando Ortíz
|
0-0: Ball 1-0: Ball 2-0: Called Strike 2-1: Ball 3-1: Ground out 3-1 (Groundball, 34)
|
Batting: LHB Domingo Cardona
|
0-0: Ball 1-0: Foul Ball, location: 2F 1-1: Foul Ball, location: 2F 1-2: TRIPLE (Groundball, 3L)
|
Batting: SHB Tony McLaughlin
|
0-0: Called Strike 0-1: Called Strike 0-2: Ball 1-2: Strikes out swinging
|
Bottom of the 10th over - 0 run(s), 1 hit(s), 0 error(s), 1 left on base; Mexico City 4 - Albuquerque 4 |
TOP OF THE 11TH |
Mexico City Cerveceros batting - Pitching for Albuquerque Isotopes : RHP Clint Tancock
|
Pitching: LHP Dave Rice
|
|
Now at 2B: Jorge Ramírez
|
|
Pinch Hitting: RHB Dennis Stephenson
|
0-0: Swinging Strike 0-1: Foul Ball, location: 2F 0-2: Ball 1-2: Ground out 2-3 (Groundball, 2R)
|
Batting: RHB Robinson Pacheco
|
0-0: Ball 1-0: Foul Ball, location: 2F 1-1: Ball 2-1: Called Strike 2-2: Ball 3-2: Base on Balls
|
Pinch Hitting: RHB Jorge González
|
0-0: Ball 1-0: Ball 2-0: Foul Ball, location: 2F 2-1: Foul Ball, location: 2F 2-2: Ball 3-2: Strikes out swinging
|
Batting: RHB Dave Morgan
|
0-0: Ball 1-0: Called Strike 1-1: Swinging Strike 1-2: Foul Ball, location: 2F 1-2: Ball 2-2: Foul Ball, location: 2F 2-2: Strikes out looking
|
Top of the 11th over - 0 run(s), 0 hit(s), 0 error(s), 1 left on base; Mexico City 4 - Albuquerque 4 |
BOTTOM OF THE 11TH |
Albuquerque Isotopes batting - Pitching for Mexico City Cerveceros : RHP Bill Bygrove
|
Pitching: RHP Leonard Lewis
|
|
Now in LF: Jesús Núñez
|
|
Now in CF: Juan García
|
|
Pinch Hitting: RHB Arturo García
|
0-0: Called Strike 0-1: Called Strike 0-2: Strikes out swinging
|
Batting: LHB A.J. Major
|
0-0: Ball 1-0: Ball 2-0: Called Strike 2-1: SINGLE (Groundball, 15) (infield hit)
|
Batting: SHB Lee Townsend
|
0-0: Called Strike A.J. Major steals 2nd base 0-1: Ball 1-1: Ball 2-1: Called Strike 2-2: Foul Ball, location: 2F 2-2: Ball 3-2: Foul Ball, location: 2F 3-2: Strikes out swinging
|
Batting: RHB Edward Young
|
0-0: Ball 1-0: Called Strike 1-1: Foul Ball, location: 2F 1-2: Ground out 5-3 (Groundball, 5S)
|
Bottom of the 11th over - 0 run(s), 1 hit(s), 0 error(s), 1 left on base; Mexico City 4 - Albuquerque 4 |
TOP OF THE 12TH |
Mexico City Cerveceros batting - Pitching for Albuquerque Isotopes : LHP Dave Rice
|
Now at C: José Bautista
|
|
Batting: LHB Francisco Franco
|
0-0: Ball 1-0: Ball 2-0: Fly out, F7 (Flyball, 78D)
|
Batting: RHB Lorenzo Ayala
|
0-0: Ball 1-0: Ball 2-0: DOUBLE (Line Drive, 8RD)
|
Batting: RHB Robert Johnson
|
0-0: Foul Ball, location: 2F 0-1: Ball 1-1: Fly out, F9 (Line Drive, 9M)
|
Batting: RHB Iván Gonzáles
|
0-0: Called Strike 0-1: Ball 1-1: Ball 2-1: Ball 3-1: Ground out 6-3 (Groundball, 6)
|
Top of the 12th over - 0 run(s), 1 hit(s), 0 error(s), 1 left on base; Mexico City 4 - Albuquerque 4 |
BOTTOM OF THE 12TH |
Albuquerque Isotopes batting - Pitching for Mexico City Cerveceros : RHP Leonard Lewis
|
Batting: LHB Juan Carlos Sánchez
|
0-0: Ball 1-0: Ground out 6-3 (Groundball, 6)
|
Batting: LHB Mark Vestal
|
0-0: Ball 1-0: SOLO HOME RUN (Line Drive, 7LD), Distance : 392 ft
|
|